 Dungeon Crawl Stone Soup version 0.29.0-13-gc9e81de378 (webtiles) character file.

Game seed: 8413785193848639128

32 trckry the Magician (level 3, -6/19 HPs)
             Began as a Kobold Hedge Wizard on Sept 8, 2022.
             Killed by nerve-wracking pain
             ... invoked by an orc priest
              (10 damage)
             ... on level 3 of the Dungeon.
             The game lasted 00:05:17 (2369 turns).

trckry the Magician (Kobold Hedge Wizard)           Turns: 2369, Time: 00:05:18

Health: -6/19      AC:  2    Str:  7    XL:     3   Next: 42%
Magic:  4/7        EV: 15    Int: 17    God:
Gold:   50         SH:  0    Dex: 14    Spells: 3/8 levels left

rFire   . . .      SeeInvis .   b - +2 dagger (venom)
rCold   . . .      Faith    .   (no shield)
rNeg    . . .      Spirit   .   j - +0 robe
rPois   .          Reflect  .   c - +0 hat
rElec   .          Harm     .   (no cloak)
rCorr   .          Rampage  .   (no gloves)
Will    .....                   (no boots)
Stlth   +++.......              (no amulet)
HPRegen 0.06/turn               (no ring)
MPRegen 0.10/turn               (no ring)

@: no status effects
A: small, no large weapons, nightstalker 3
a: no special abilities


You were on level 3 of the Dungeon.
You visited 1 branch of the dungeon, and saw 3 of its levels.

You collected 50 gold pieces.

Inventory:

Hand Weapons
 a - the +5 short sword of a treasure trove {freeze, Will+ Str+2 Int+4 Stlth+}
   (You found it on level 3 of the Dungeon)

   It freezes those it strikes, dealing additional cold damage.
   It can also slow down cold-blooded creatures.
   Str:       It affects your strength (+2).
   Int:       It affects your intelligence (+4).
   Will:      It increases your willpower.
   Stlth:     It makes you more stealthy.
 b - a +2 dagger of venom (weapon)
 g - a +0 rapier
Missiles
 e - 44 stones
Armour
 c - a +0 hat (worn)
 j - a +0 robe (worn)
Scrolls
 h - 3 scrolls of teleportation {unknown}
 k - a scroll of poison {unknown}
 l - a scroll of immolation {unknown}
 o - a scroll of enchant weapon {unknown}
 p - a scroll of identify {unknown}
Potions
 d - a potion of magic
 f - 2 potions of ambrosia {unknown}
 i - 2 potions of cancellation {unknown}
 m - 2 potions of curing {unknown}
 n - a potion of lignification {unknown}
 q - a potion of haste {unknown}


   Skills:
 + Level 2.8 Dodging
 - Level 3.0 Stealth
 + Level 3.4 Spellcasting
 * Level 2.0 Conjurations
 * Level 1.6 Summonings
 - Level 1.0 Translocations


You had 3 spell levels left.
You knew the following spells:

 Your Spells              Type           Power      Damage    Failure   Level
a - Magic Dart            Conj           36%        1d4       8%          1
b - Call Imp              Summ           8%         N/A       13%         2
c - Blink                 Tloc           12%        N/A       17%         2

Your spell library contained the following spells:

 Spells                   Type           Power      Damage    Failure   Level
 Slow                     Hex            8%         N/A       17%         1
 Conjure Flame            Conj/Fire      6%         6-21      32%         3
 Mephitic Cloud           Conj/Pois/Air  5%         N/A       36%         3


Dungeon Overview and Level Annotations

Branches:
Dungeon (3/15) Zot: 15631

Altars:


Innate Abilities, Weirdness & Mutations

You are small and have problems with some larger weapons.
You are completely attuned to the shadows.


Message History

Press: ? - help, Dir - move target, f - bat
Aim: a bat (asleep, ally target) Attack!
The bat closely misses you.
Your white imp jumps up and down with excitement.
Your white imp gestures at the bat.
The puff of frost hits the bat!
The bat dies!
Your Conjurations skill increases to level 2!
What are your orders? t - Shout!
Orders for allies: a - Attack new target. r - Retreat! s - Stop attacking. g - Guard the area. f - Follow me.
Anything else - Cancel.
Gang up on whom?
Press: ? - help, Dir - move target, f - orc priest
Aim: an orc priest, wielding a +0 flail (asleep) Attack!
The orc priest shouts!
Your white imp hits the orc priest.
Your white imp freezes the orc priest.
You completely miss the orc priest.
Your white imp barely misses the orc priest.
The orc priest closely misses you. The orc priest misses you.
You hit the orc priest.
The orc priest is poisoned.
The orc priest is moderately wounded.
The orc priest mumbles some strange prayers to Beogh against you.
Pain shoots through your body!
The orc priest hits you with a +0 flail!
* * * LOW HITPOINT WARNING * * *
Your white imp closely misses the orc priest.
You take 15 damage, and have 4/19 hp.
MASSIVE DAMAGE!!
The orc priest attacks as you move away!
The orc priest barely misses you.
The orc priest attacks as you move away!
The orc priest completely misses you.
The orc priest mumbles some strange prayers to Beogh against you.
Pain shoots through your body!
Ouch! That really hurt!
You die...

#.# ##..... #.# #...... #...##
#.###...... ....!...##
#.........# .........##
#####.##### #...?.....# #.#
#...5.....# #.# #...oo....# #.#
......@..## #.# ...# ###.)...##
#.# # ....## ####...## #####.##
## .....## ##.###.## #......###.
......####...##.#######.....###..
......'..........†......).....'..
......####...##.####........###..
.....## ##.###.# #.........# ##.
....## ### #.# #..##.##..# ##


You could see 2 orc priests and a friendly white imp (summoned).

Vanquished Creatures
  2 orcs (D:3)
  A ball python (D:2)
  2 bats
  3 endoplasms
  2 giant cockroaches (D:2)
  2 goblins
  A hobgoblin (D:2)
  2 kobolds
  9 frilled lizards (D:1)
  4 rats
28 creatures vanquished.

Vanquished Creatures (collateral kills)
  A bat (D:3)
1 creature vanquished.

Vanquished Creatures (others)
  6 plants (D:1)
6 creatures vanquished.

Grand Total: 35 creatures vanquished

Notes
Turn   | Place    | Note
-------+----------+-------------------------------------------
     0 | D:1      | trckry the Kobold Hedge Wizard began the quest for the Orb.
     0 | D:1      | Reached XP level 1. HP: 10/10 MP: 4/4
   599 | D:1      | Reached XP level 2. HP: 15/15 MP: 3/6
   912 | D:1      | Learned a level 2 spell: Call Imp
   915 | D:1      | Learned a level 2 spell: Blink
  1348 | D:2      | Reached XP level 3. HP: 19/19 MP: 4/7
  1683 | D:3      | Identified the +5 short sword of a treasure trove {freeze,
                  | Will+ Str+2 Int+4 Stlth+}
  2369 | D:3      | Killed from afar by an orc priest

Illustrated notes

Levels and vault maps discovered:
D:1:      dpeg_arrival_arbitrary_b, layout_rooms, hangedman_decor_lopped,
          minmay_lizard_king
D:2:      layout_rooms
D:3:      layout_loops_corners

Skill      XL: |  1  2  3 |
---------------+----------+-----
Stealth        | 3 |  3.0
Conjurations   | 2 |  2.0
Dodging        | |  2.8
Spellcasting   | |  3.4
Summonings     | |  1.6
Translocations | |  1.0

Action                   || total
-------------------------++-------
Melee: Dagger            ||    36
       Rapier            ||     1
       Punch             ||     1
 Cast: Magic Dart        ||    45
       Call Imp          ||     7
 Stab: Sleeping          ||     2
Armor: Robe              ||     6
Dodge: Dodged            ||    28
